 Dungeon Crawl Stone Soup version 0.20-a0-1124-g2e29d97 (webtiles) character file.

7780 Naow the Arsonist (level 11, -6/61 HPs)
             Began as an Octopode Fire Elementalist on May 16, 2017.
             Was a Priest of Vehumet.
             Mangled by a killer bee (15 damage)
             ... on level 9 of the Dungeon.
             The game lasted 00:28:12 (14024 turns).

Naow the Arsonist (Octopode Fire Elementalist)     Turns: 14024, Time: 00:28:13

Health: -6/61      AC:  1    Str:  9    XL:     11   Next: 20%
Magic:  4/23       EV: 16    Int: 20    God:    Vehumet [***...]
Gold:   494        SH:  0    Dex: 12    Spells: 12/27 levels left

rFire    . . .     SeeInvis .   E - +0 dagger (curse)
rCold    . . .     Gourm    .   (no shield)
rNeg     . . .     Faith    .   (helmet restricted)
rPois    .         Spirit   .   (no amulet)
rElec    .         Reflect  .   f - +1 ring of evasion
rCorr    .         Harm     .   (no ring)
MR       .....                  (no ring)
Stlth    +++.......             (no ring)
Regen    0.2/turn               (no ring)
MPRegen  0.2/turn               (no ring)
                                (no ring)
                                (no ring)

@: lethally poisoned (-6 -> -25)
A: almost no armour, stealthy swim, amphibious, 8 rings, constrict 8, camouflage
1, gelatinous body 1
a: Renounce Religion


You were on level 9 of the Dungeon.
You worshipped Vehumet.
Vehumet was most pleased with you.
You were hungry.

You visited 1 branch of the dungeon, and saw 9 of its levels.

You collected 494 gold pieces.

Inventory:

Hand Weapons
 h - a +0 dagger
 r - the +1 shortbow "Vifinwil" {venom, Int+4 Dex+2}
   (You found it on level 5 of the Dungeon)

   It poisons the ammo it fires.
   It affects your intelligence (+4).
   It affects your dexterity (+2).
 t - a +0 whip
 w - a +2 dagger
 y - a +1 vampiric dagger
 E - a cursed +0 dagger (weapon)
Missiles
 u - 149 arrows
Magical Staves
 F - an uncursed staff of earth
Jewellery
 f - a +1 ring of evasion (left tentacle)
Wands
 o - a wand of confusion (18/48)
 G - a wand of digging (3/24)
Scrolls
 d - 3 scrolls of blinking
 e - 6 scrolls of remove curse
 j - 2 scrolls of fear {unknown}
 l - 5 scrolls of identify {unknown}
 x - 4 scrolls of teleportation {unknown}
 A - 2 scrolls of amnesia {unknown}
 B - a scroll of enchant armour {unknown}
Potions
 c - 2 potions of curing
 g - 2 potions of haste {unknown}
 k - a potion of might {unknown}
 n - 3 potions of degeneration {unknown}
 p - 2 potions of mutation {unknown}
 q - 2 potions of flight {unknown}
 s - 4 potions of heal wounds {unknown}
 v - a potion of invisibility {unknown}
 z - 2 potions of cancellation {unknown}
 D - a potion of brilliance {unknown}
Books
 a - a book of Flames

   Spells                             Type                      Level
   a - Flame Tongue                   Conjuration/Fire             1
   b - Throw Flame                    Conjuration/Fire             2
   c - Conjure Flame                  Conjuration/Fire             3
   d - Inner Flame                    Hexes/Fire                   3
   e - Sticky Flame                   Conjuration/Fire             4
   f - Fireball                       Conjuration/Fire             5
Comestibles
 b - 8 bread rations
 i - 15 fruits
 m - 3 meat rations
 C - 10 royal jellies
 H - 4 chunks of flesh


   Skills:
 + Level 5.5 Dodging
 - Level 2.6 Stealth
 + Level 8.5 Spellcasting
 + Level 9.8 Conjurations
 + Level 9.9 Fire Magic


You had 12 spell levels left.
You knew the following spells:

 Your Spells              Type           Power        Failure   Level  Hunger
a - Flame Tongue          Conj/Fire      #####        1%          1    None
b - Throw Flame           Conj/Fire      #####.       1%          2    None
c - Conjure Flame         Conj/Fire      #####...     1%          3    None
d - Sticky Flame          Conj/Fire      #####...     1%          4    ###....
e - Fireball              Conj/Fire      #####.....   1%          5    #####..


Dungeon Overview and Level Annotations

Branches:
Dungeon (9/15)             Temple (0/1) D:6
   Lair: D:8-11         Orc: D:9-12

Altars:
Dithmenos
Elyvilon
Fedhas
Kikubaaqudgha
Makhleb
Nemelex Xobeh
Qazlal
Uskayaw
Vehumet
Wu Jian
Yredelemnul
The Shining One

Shops:
D:7 ![([[

Annotations:
D:9 exclusion: door


Innate Abilities, Weirdness & Mutations

You cannot wear most types of armour.
You are very stealthy in the water. (Stealth+)
You are amphibious.
You can wear up to eight rings at the same time.
You can use your tentacles to constrict eight enemies at once.
Your skin changes colour to match your surroundings (Stealth+).
Your rubbery body absorbs attacks. (AC +1, EV +1)


Message History

The killer bee poisons you! The killer bee closely misses you.
The queen bee stings you!
You are more poisoned.
The queen bee poisons you! The killer bee misses you.
You feel sick. The killer bee barely misses you. The queen bee stings you.
The killer bee stings you.
You are lethally poisoned!
The killer bee poisons you!
You feel very sick.
The killer bee is engulfed in blazing flames.
The killer bee stings you!
* * * LOW HITPOINT WARNING * * *
* * * LOW HITPOINT WARNING * * *
You feel sick.
You hear an angry buzzing noise.
* * * LOW HITPOINT WARNING * * *
You feel sick.
The queen bee calls on the killer bee to defend it!
The killer bee goes berserk!
The killer bee stings you!
You die...

...... #....(........#.#
%%..%†###.............#.##
..y%%.y'.#............'...#
T...y...#.#.............#...
yy.cy..y.#.†.............#.##
y....y..y.###yy...........#.#
#.###########.#.# #y# #.#.#
#@# #.#.# #.# #.#.# #.# ..#
###


You could see a queen bee and 2 killer bees.

Vanquished Creatures
  Erolcha (D:9)
  A two-headed ogre (D:9)
  Pikel (D:8)
  The ghost of Naow the Firebug, a novice OpFE of Vehumet (D:6)
  A troll (D:9)
  A hornet (D:9)
  Grinder (D:6)
  5 yaks (D:9)
  A soldier ant (D:9)
  Duvessa (D:5)
  3 ice beasts
  An orc warrior (D:8)
  A sky beast (D:9)
  A slave (D:8)
  A necrophage (D:9)
  A black bear (D:6)
  2 ogres
  4 centaurs
  A big kobold (D:9)
  4 bullfrogs
  A gnoll sergeant (D:5)
  A wyvern zombie (D:8)
  Dowan (D:5)
  2 scorpions
  19 killer bees
  8 wights
  A howler monkey (D:5)
  4 crimson imps
  2 centaur zombies
  2 jellies
  4 orc priests
  Crazy Yiuf (D:4)
  A gnoll shaman (D:5)
  A hound (D:7)
  5 orc wizards
  2 iguanas (D:5)
  5 worker ants
  Robin (D:2)
  A hound skeleton (D:5)
  16 gnolls
  12 adders
  A howler monkey skeleton (D:5)
  4 shadow imps
  An ooze (D:5)
  2 adder zombies
  3 adder skeletons
  2 worms
  4 dart slugs
  6 leopard geckos
  18 orcs
  A ball python (D:1)
  8 bats
  6 giant cockroaches
  11 goblins
  15 hobgoblins
  8 jackals
  13 kobolds
  5 quokkas
  A ball python skeleton (D:4)
  4 frilled lizards
  A leopard gecko skeleton (D:4)
  A quokka skeleton (D:4)
  11 rats
249 creatures vanquished.

Vanquished Creatures (others)
  A quokka (D:8)
1 creature vanquished.

Grand Total: 250 creatures vanquished

Notes
Turn   | Place    | Note
-------+----------+-------------------------------------------
     0 | D:1      | Naow the Octopode Fire Elementalist began the quest for the Orb.
     0 | D:1      | Reached XP level 1. HP: 11/11 MP: 3/3
   118 | D:1      | Reached XP level 2. HP: 7/17 MP: 0/5
   336 | D:1      | Learned a level 2 spell: Throw Flame
   981 | D:1      | Reached XP level 3. HP: 21/21 MP: 3/6
  2009 | D:2      | Found an ornate altar of the Wu Jian Council.
  2127 | D:2      | Reached XP level 4. HP: 22/27 MP: 2/7
  2198 | D:2      | Noticed Robin
  2329 | D:2      | Killed Robin
  3107 | D:3      | Noticed a centaur
  3280 | D:3      | Reached XP level 5. HP: 31/31 MP: 5/9
  3737 | D:3      | Found a white marble altar of Elyvilon.
  3737 | D:3      | Found a shadowy altar of Dithmenos.
  4015 | D:3      | Killed a centaur
  4015 | D:3      | Reached XP level 6. HP: 20/36 MP: 6/11
  4255 | D:3      | Found a basalt altar of Yredelemnul.
  4263 | D:3      | Found a glowing golden altar of the Shining One.
  4265 | D:3      | Noticed an angel
  4715 | D:4      | Found a runed door.
  5412 | D:4      | Noticed Crazy Yiuf
  5418 | D:4      | Learned a level 3 spell: Conjure Flame
  5423 | D:4      | Learned a level 4 spell: Sticky Flame
  5428 | D:4      | Killed Crazy Yiuf
  5516 | D:5      | Entered Level 5 of the Dungeon
  5633 | D:5      | Reached XP level 7. HP: 41/41 MP: 8/13
  5682 | D:5      | Reached skill level 5 in Fire Magic
  6153 | D:5      | Found a blossoming altar of Fedhas.
  6154 | D:5      | Found a stormy altar of Qazlal.
  6618 | D:5      | Found a white marble altar of Elyvilon.
  6721 | D:5      | Noticed Duvessa
  6740 | D:5      | Killed Duvessa
  6741 | D:5      | Noticed Dowan
  6755 | D:4      | Reached skill level 5 in Conjurations
  6861 | D:5      | Killed Dowan
  7087 | D:5      | Reached XP level 8. HP: 43/46 MP: 11/15
  7203 | D:5      | Found a radiant altar of Vehumet.
  7204 | D:5      | Found a burning altar of Makhleb.
  7219 | D:5      | Got a scorched shortbow
  7224 | D:5      | Became a worshipper of Vehumet
  7225 | D:5      | Identified the cursed +1 shortbow "Vifinwil" {venom, Int+4 Dex+2} (You found it on level 5 of the Dungeon)
  7292 | D:5      | Reached skill level 5 in Spellcasting
  7708 | D:5      | Learned a level 5 spell: Fireball
  7870 | D:6      | Noticed Naow's ghost (novice OpFE)
  7882 | D:6      | Killed Naow's ghost
  8397 | D:6      | Noticed Grinder
  8406 | D:6      | Killed Grinder
  8406 | D:6      | Reached XP level 9. HP: 41/51 MP: 1/18
  8639 | D:6      | Found a staircase to the Ecumenical Temple.
  9473 | D:7      | Found Wanoovat's Antique Weapon Shoppe.
  9817 | D:7      | Reached * piety under Vehumet
  9817 | D:7      | Offered knowledge of Magic Dart by Vehumet.
  9838 | D:7      | Found Uryzxoh's Antique Armour Shoppe.
 10126 | D:7      | Found Ublitsol's Distillery.
 10317 | D:7      | Found Weahup's Armour Boutique.
 10367 | D:7      | Found Xakaur's Antique Armour Boutique.
 10841 | D:7      | Found an ancient bone altar of Kikubaaqudgha.
 10975 | D:8      | Reached XP level 10. HP: 45/56 MP: 9/20
 10979 | D:8      | Noticed Pikel
 11281 | D:8      | Killed Pikel
 11687 | D:8      | Found a hide-covered altar of Uskayaw.
 11941 | D:9      | Noticed a two-headed ogre
 11957 | D:9      | Killed a two-headed ogre
 12228 | D:9      | Reached ** piety under Vehumet
 12281 | D:9      | Offered knowledge of Searing Ray by Vehumet.
 13395 | D:9      | Offered knowledge of Stone Arrow by Vehumet.
 13398 | D:9      | HP: 2/56 [soldier ant (14)]
 13703 | D:9      | Reached skill level 5 in Dodging
 13703 | D:9      | Reached XP level 11. HP: 61/61 MP: 19/23
 13825 | D:9      | Noticed Erolcha
 13831 | D:9      | Killed Erolcha
 13841 | D:9      | Found a sparkling altar of Nemelex Xobeh.
 14008 | D:9      | Reached *** piety under Vehumet
 14024 | D:9      | Mangled by a killer bee

Vault maps used:
D:1:      saegor_arrival_simple_d
D:2:      overflow_temple_1_default, uniq_robin
D:3:      grunt_temple_overflow_holy_war, gammafunk_temple_overflow_elements,
          first_bread
D:4:      uniq_crazy_yiuf_cottage
D:5:      grunt_temple_overflow_lords_of_destruction,
          grunt_temple_overflow_forces_of_nature, serial_park_tiny_2,
          elyvilon_altar_4, uniq_duvessa
D:6:      temple_hall, uniq_grinder
D:7:      marbit_many_paths, serial_shops, shop_coins,
          nicolae_shop_window_shopping, shop, shop, nicolae_shop_statue_plus
D:8:      kennysheep_mini_moat, uniq_pikel
D:9:      lemuel_round_altar, hangedman_pestilent_swarm, amethyst_killhole,
          uniq_erolcha

Skill      XL: |  1  2  3  4  5  6  7  8  9 10 |
---------------+-------------------------------+-----
Conjurations   | 2 3 4 5 6 8 9 |  9.8
Spellcasting   | 3 4 6 7 8 |  8.5
Fire Magic     | 4 5 7 8 9 |  9.9
Dodging        | 5 |  5.5
Stealth        | |  2.6

Action                   |  1- 3 |  4- 6 |  7- 9 | 10-12 || total
-------------------------+-------+-------+-------+-------++-------
Melee: Unarmed           |    11 |       |       |       ||    11
       Constrict         |     8 |     8 |     7 |     6 ||    29
       Tentacles         |     4 |     8 |    12 |     6 ||    30
       Dagger            |    14 |    26 |    41 |    31 ||   112
 Fire: Shortbow          |       |       |    17 |       ||    17
 Cast: Flame Tongue      |    60 |   102 |   187 |    96 ||   445
       Throw Flame       |     2 |    21 |    65 |    49 ||   137
       Conjure Flame     |       |     1 |    10 |     7 ||    18
       Sticky Flame      |       |       |    13 |    17 ||    30
       Fireball          |       |       |     3 |     7 ||    10
  Use: Scroll            |       |       |     4 |       ||     4
       Potion            |       |       |       |     1 ||     1
 Stab: Sleeping          |       |     1 |     2 |     1 ||     4
  Eat: Chunk             |     4 |    12 |    12 |     4 ||    32
       Fruit             |       |       |     2 |     1 ||     3
       Meat ration       |       |       |     1 |     1 ||     2
       Royal jelly       |       |       |       |     1 ||     1
Armor: Skin              |     3 |     6 |     2 |       ||    11
Dodge: Dodged            |    26 |    52 |    55 |    65 ||   198
